 Dungeon Crawl Stone Soup version 0.21.1-1-g345015fe64 (webtiles) character file.

51 Henning the Insei (level 3, 2/28 HPs)
             Began as a Demigod Transmuter on June 12, 2018.
             Quit the game on level 2 of the Dungeon.
             The game lasted 00:07:07 (1734 turns).

Henning the Insei (Demigod Transmuter)              Turns: 1734, Time: 00:07:07

Health: 2/28       AC:  3    Str: 13    XL:     3   Next: 38%
Magic:  8/8        EV: 12    Int: 17    God:
Gold:   88         SH:  0    Dex: 18    Spells: 5/6 levels left

rFire    . . .     SeeInvis .   f - +0 dagger (venom)
rCold    . . .     Gourm    .   (no shield)
rNeg     . . .     Faith    .   m - +0 leather armour
rPois    .         Spirit   .   (no helmet)
rElec    .         Reflect  .   (no cloak)
rCorr    +         Harm     .   (no gloves)
MR       .....                  (no boots)
Stlth    ++........             (no amulet)
HPRegen  0.09/turn              h - ring of resist corrosion
MPRegen  0.11/turn              (no ring)

@: lethally poisoned (2 -> -5)
A: high mp 1
a: no special abilities


You were on level 2 of the Dungeon.
You were near starving.

You visited 1 branch of the dungeon, and saw 3 of its levels.

You collected 88 gold pieces.

Inventory:

Hand Weapons
 e - a +0 whip
 f - a +0 dagger of venom (weapon)
Missiles
 a - 30 arrows
 j - 2 tomahawks (quivered)
 p - 5 tomahawks of returning
Armour
 b - a +0 robe
 m - a +0 leather armour (worn)
Jewellery
 h - a ring of resist corrosion (left hand)
Scrolls
 g - a scroll of fear {unknown}
 l - a scroll of teleportation {unknown}
 o - a scroll of identify {unknown}
 r - a scroll of enchant armour {unknown}
Potions
 i - 3 potions of might {unknown}
 k - 2 potions of lignification {unknown}
 n - a potion of curing {unknown}
 q - a potion of haste {unknown}
Books
 c - a book of Changes

   Spells                             Type                      Level
   a - Beastly Appendage              Transmutation                1
   b - Sticks to Snakes               Transmutation                2
   c - Spider Form                    Transmutation/Poison         3
   d - Ice Form                       Ice/Transmutation            4
   e - Blade Hands                    Transmutation                5
Comestibles
 d - a ration


   Skills:
 + Level 1.6 Fighting
 + Level 0.8 Short Blades
 + Level 2.1 Dodging
 + Level 1.1 Stealth
 - Level 2.6 Unarmed Combat
 + Level 2.1 Spellcasting
 + Level 2.1 Transmutations


You had 5 spell levels left.
You knew the following spells:

 Your Spells              Type           Power        Failure   Level  Hunger
a - Beastly Appendage     Tmut           #.....       10%         1    #......


Dungeon Overview and Level Annotations

Branches:
Dungeon (3/15)


Innate Abilities, Weirdness & Mutations

You have an increased reservoir of magic. (+10% MP)


Message History

You hit the adder.
The adder is poisoned.
The adder is lightly wounded.
* * * LOW HITPOINT WARNING * * *
You feel sick. The adder closely misses you. The quokka bites you.
* * * LOW HITPOINT WARNING * * *
You are near starving!
You hit the adder.
The adder is heavily wounded.
The adder bites you.
* * * LOW HITPOINT WARNING * * *
The quokka barely misses you. The adder bites you but does no damage.
You hit the adder.
The adder looks as sick as possible!
The adder is almost dead.
* * * LOW HITPOINT WARNING * * *
You feel sick.
You kill the adder!
The quokka bites you.
* * * LOW HITPOINT WARNING * * *
The quokka bites you but does no damage.
Are you sure you want to abandon this character and quit the game? (Confirm with "yes".)

..........###########
......###.§.......... .#
##.#### #######.........
#.# #.#.###.#. #.#
#......... ##.#####
#.#.###.# .#<....##
##.#.#?#.# ........##
##..#†###.#.
.........####.%.@.......
................#r###.#.
.....<...####........
..........###.........
...........##.#...#.....
........##.#..########.#
.#.....###...## #
#####>###...## #.###.#.#


You could see a quokka.

Vanquished Creatures
  3 adders (D:2)
  A dart slug (D:1)
  3 leopard geckos (D:2)
  An orc (D:3)
  A hobgoblin (D:2)
  2 jackals (D:1)
  A bat (D:1)
  4 goblins (D:1)
  2 kobolds
  2 rats (D:2)
20 creatures vanquished.

Notes
Turn   | Place    | Note
-------+----------+-------------------------------------------
     0 | D:1      | Henning the Demigod Transmuter began the quest for the Orb.
     0 | D:1      | Reached XP level 1. HP: 15/15 MP: 5/5
   286 | D:1      | Reached skill level 1 in Fighting
   697 | D:1      | Reached XP level 2. HP: 16/23 MP: 7/7
  1323 | D:2      | Noticed a phantom
  1713 | D:2      | Reached skill level 1 in Stealth
  1727 | D:2      | Reached XP level 3. HP: 16/28 MP: 8/8
  1734 | D:2      | Quit the game

Skill      XL: |  1  2 |
---------------+-------+-----
Fighting       | 1 |  1.6
Dodging        | 2 |  2.1
Transmutations | 2 |  2.1
Spellcasting   | 2 |  2.1
Stealth        | 1 |  1.1
Short Blades   | |  0.8
Unarmed Combat | |  2.6

Action                   || total
-------------------------++-------
Melee: Dagger            ||    88
       Unarmed           ||     5
 Stab: Sleeping          ||     2
  Eat: Chunk             ||     1
Armor: Robe              ||    11
       Leather armour    ||    10
Dodge: Dodged            ||    83
